 Dungeon Crawl Stone Soup version 0.28.0 (webtiles) character file.

Game seed: 15376768546191184798

4 Prodoman the Magician (level 1, 0/13 HPs)
             Began as a Demonspawn Hedge Wizard on Feb 4, 2022.
             Slain by a hobgoblin (2 damage)
             ... on level 1 of the Dungeon.
             The game lasted 00:00:46 (155 turns).

Prodoman the Magician (Demonspawn Hedge Wizard)      Turns: 155, Time: 00:00:47

Health: 0/13       AC:  2    Str: 10    XL:     1   Next: 50%
Magic:  0/4        EV: 12    Int: 15    God:
Gold:   34         SH:  0    Dex: 12    Spells: 5/6 levels left

rFire   . . .      SeeInvis .   a - +0 dagger
rCold   . . .      Faith    .   (no shield)
rNeg    . . .      Spirit   .   b - +0 robe
rPois   .          Reflect  .   c - +0 hat
rElec   .          Harm     .   (no cloak)
rCorr   .          Rampage  .   (no gloves)
Will    .....                   (no boots)
Stlth   ++........              (no amulet)
HPRegen 0.04/turn               (no ring)
MPRegen 0.09/turn               (no ring)

@: no status effects
A: no striking features
a: no special abilities


You were on level 1 of the Dungeon.
You visited 1 branch of the dungeon, and saw 1 of its levels.

You collected 34 gold pieces.

Inventory:

Hand Weapons
 a - a +0 dagger (weapon)
Armour
 b - a +0 robe (worn)
 c - a +0 hat (worn)


   Skills:
 + Level 1.8 Dodging
 + Level 1.8 Stealth
 * Level 3.0 Spellcasting
 + Level 1.1 Conjurations
 + Level 1.1 Summonings
 + Level 1.0 Translocations


You had 5 spell levels left.
You knew the following spells:

 Your Spells              Type           Power      Damage    Failure   Level
a - Magic Dart            Conj           20%        1d4       13%         1

Your spell library contained the following spells:

 Spells                   Type           Power      Damage    Failure   Level
 Call Imp                 Summ           5%         N/A       19%         2
 Slow                     Hex            8%         N/A       21%         1
 Blink                    Tloc           10%        N/A       21%         2
 Conjure Flame            Conj/Fire      3%         6-21      43%         3
 Mephitic Cloud           Conj/Pois/Air  3%         N/A       45%         3


Dungeon Overview and Level Annotations

Branches:
Dungeon (1/15)

Altars:


Message History

The hobgoblin is moderately wounded.
The hobgoblin misses you.
Your magical contamination has completely faded away.
Hit: a) +0 dagger
Press: ? - help, Dir - move target, f/p - hobgoblin
Aim: a hobgoblin (moderately wounded, about 38% to evade your +0 dagger)
You hit the hobgoblin.
The hobgoblin is heavily wounded.
The hobgoblin barely misses you.
Hit: a) +0 dagger
Press: ? - help, Dir - move target, f/p - hobgoblin
Aim: a hobgoblin (heavily wounded, about 38% to evade your +0 dagger)
You barely miss the hobgoblin.
The hobgoblin is heavily wounded.
The hobgoblin hits you.
* * * LOW HITPOINT WARNING * * *
You aren't carrying any potions.
You aren't carrying any scrolls.
Casting: Magic Dart (safe; 13% risk of failure)
Confirm with . or Enter, or press ? or * to list all spells.
You don't know that spell.
Hit: a) +0 dagger
Press: ? - help, Dir - move target, f/p - hobgoblin
Aim: a hobgoblin (heavily wounded, about 38% to evade your +0 dagger)
You barely miss the hobgoblin.
The hobgoblin is heavily wounded.
The hobgoblin misses you.
Hit: a) +0 dagger
Press: ? - help, Dir - move target, f/p - hobgoblin
Aim: a hobgoblin (heavily wounded, about 38% to evade your +0 dagger)
Okay, then.
Casting: Magic Dart (safe; 13% risk of failure)
Confirm with . or Enter, or press ? or * to list all spells.
Aiming: Magic Dart (safe; 13% risk of failure)
Press: ? - help, Shift-Dir - straight line, f/p - hobgoblin
Aim: a hobgoblin (heavily wounded, 100% to hit)
The magic dart hits the hobgoblin.
The hobgoblin is severely wounded.
The hobgoblin hits you.
You die...

####)####.# #.#
#...... #.#
#.###.######.#.
#.####............#≈
#...##..##+######.#≈
#...##..# #.#≈
#...##..+ #.##
#...##..# #.#
#...###.# #.#
#..@'...+ ..+
#..g###.# #..w. ..#
#..... ####... ....
....# ....#


You could see a dart slug and a hobgoblin.

Vanquished Creatures
  A goblin (D:1)
  A hobgoblin (D:1)
  A kobold (D:1)
3 creatures vanquished.

Notes
Turn   | Place    | Note
-------+----------+-------------------------------------------
     0 | D:1      | Prodoman the Demonspawn Hedge Wizard began the quest for
                  | the Orb.
     0 | D:1      | Reached XP level 1. HP: 13/13 MP: 4/4
    94 | D:1      | Reached skill level 1 in Translocations
   155 | D:1      | Slain by a hobgoblin

Illustrated notes

Levels and vault maps discovered:
D:1:      enne_arrival_octagon_isle, layout_basic, minmay_tromino_i2

Skill      XL: |  1 |
---------------+----+-----
Translocations | 1 |  1.0
Dodging        | |  1.8
Stealth        | |  1.8
Spellcasting   | |  3.0
Conjurations   | |  1.1
Summonings     | |  1.1

Action                   || total
-------------------------++-------
Melee: Dagger            ||     7
 Cast: Magic Dart        ||    12
Armor: Robe              ||     2
Dodge: Dodged            ||     6
